 Dungeon Crawl Stone Soup version 0.18-a0-1121-gb454403 (webtiles) character file.

22 ater218 the Skirmisher (level 2, -2/24 HPs)
             Began as a Demonspawn Fighter on Jan 18, 2016.
             Slain by an adder (4 damage)
             ... on level 2 of the Dungeon.
             The game lasted 00:03:57 (1224 turns).

ater218 the Skirmisher (Demonspawn Fighter)         Turns: 1224, Time: 00:03:57

Health: -2/24      AC:  6    Str: 16    XL:     2   Next: 68%
Magic:  2/2        EV:  7    Int:  9    God:
Gold:   46         SH:  8    Dex: 12    Spells: 0 memorised, 1 level left

rFire  . . .     SeeInvis .     a - +0 trident
rCold  . . .     Gourm    .     b - +0 scale mail
rNeg   . . .     Faith    .     c - +0 shield
rPois  .         Spirit   .     (no helmet)
rElec  .         Dismiss  .     (no cloak)
rCorr  .         Reflect  .     (no gloves)
SustAt .         Harm     .     (no boots)
MR     .....                    (no amulet)
Stlth  ..........               (no ring)
                                (no ring)

@: lethally poisoned (-2 -> -4), about to teleport, not resistant to hostile
enchantments, extremely unstealthy
A: claws 1, mutation resistance 1, wild magic 1, MP-powered wands
a: no special abilities


You were on level 2 of the Dungeon.
You were not hungry.

You visited 1 branch of the dungeon, and saw 2 of its levels.

You collected 46 gold pieces.

Inventory:

Hand Weapons
 a - a +0 trident (weapon)
Armour
 b - a +0 scale mail (worn)
 c - a +0 shield (worn)
Jewellery
 h - a +3 ring of strength {unknown}
Scrolls
 k - a scroll of remove curse {unknown}
Potions
 d - a potion of might
 e - a potion of mutation
Comestibles
 f - a bread ration
 g - a beef jerky
 j - a meat ration
 l - 2 chunks of flesh


   Skills:
 + Level 3.2 Fighting
 + Level 1.8 Polearms
 + Level 3.0 Armour
 + Level 0.3 Dodging
 + Level 3.0 Shields


You had one spell level left.
You didn't know any spells.

Dungeon Overview and Level Annotations

Branches:
Dungeon (2/15)

Altars:


Innate Abilities, Weirdness & Mutations

You have sharp fingernails.
You are somewhat resistant to further mutation.
Your spells are a little harder to cast, but a little more powerful.
You expend magic power (3 MP) to strengthen your wands.


Message History

You are too injured to fight recklessly!
You are too injured to fight recklessly!
You are too injured to fight recklessly!
It was a potion of mutation.
You feel extremely strange.
You feel your magical essence link to your wands.
You feel less in control of your magic.
You feel genetically stable.
You feel sick. The adder bites you but does no damage. The adder bites you.
* * * LOW HITPOINT WARNING * * *
You are too injured to fight recklessly!
You are too injured to fight recklessly!
You are too injured to fight recklessly!
You are too injured to fight recklessly!
You closely miss the adder.
The adder is heavily wounded.
The adder bites you but does no damage.
As you read the scroll labeled JERIYM SUAKAAX, it crumbles to dust.
You feel strangely unstable.
It was a scroll of teleportation.
The adder barely misses you. The adder bites you but does no damage.
The adder bites you.
You die...

##########
#!...@...####.#
#...S###.<...#
#.............#
.....>.####...##.#
#....... ..#...
#####.## #...###
#. ##.## #. .# .#


You could see an adder.

Vanquished Creatures
  2 giant cockroaches (D:1)
  3 goblins (D:1)
  2 hobgoblins (D:1)
  A ball python (D:1)
  7 bats (D:1)
  4 giant newts (D:1)
  4 rats (D:1)
23 creatures vanquished.

Vanquished Creatures (others)
  A goblin (D:1)
  A rat (D:1)
2 creatures vanquished.

Grand Total: 25 creatures vanquished

Notes
Turn   | Place    | Note
--------------------------------------------------------------
     0 | D:1      | ater218 the Demonspawn Fighter began the quest for the Orb.
     0 | D:1      | Reached XP level 1. HP: 18/18 MP: 1/1
   225 | D:1      | Gained mutation: You have sharp fingernails. [demonic ancestry]
   225 | D:1      | Reached XP level 2. HP: 21/24 MP: 2/2
  1221 | D:2      | Gained mutation: You expend magic power (3 MP) to strengthen your wands. [potion of mutation]
  1221 | D:2      | Gained mutation: Your spells are a little harder to cast, but a little more powerful. [potion of mutation]
  1221 | D:2      | Gained mutation: You are somewhat resistant to further mutation. [potion of mutation]
  1224 | D:2      | Slain by an adder

Vault maps used:
D:1:      dpeg_arrival_stone_temple_mockup, lemuel_flame_loot_1
D:2:      grunt_temple_overflow_open, minitemple, lemuel_crystal_altar,
          dk_noncrumbling_4

Action                   || total
-------------------------++-------
Melee: Trident           ||   106
  Use: Scroll            ||     1
       Potion            ||     1
  Eat: Chunk             ||     1
